Map: Purity and Industry LE

Players

Massa

  • Race: Terran Terran
  • League: Gold
  • Spawn Location: 3:00

Sergio - Winner!

  • Race: Terran Terran
  • League: Platinum
  • Spawn Location: 12:00

VOD

Have the link to the VOD?

Description

Time

  • Played on: April 16, 2020, 12:17 p.m.
  • Length: 26:52
Show
View Real Time Build Order
Export as new Build Order

Massa Terran 

Build Orders:  

Get SALT Encoding   

  12  0:09  Supply Depot  
  12  0:13  SCV  
  13  0:25  SCV  
  14  0:34  Barracks  
  14  0:37  SCV  
  15  0:49  SCV  
  16  0:56  Supply Depot  
  16  1:01  SCV  
  17  1:12  Barracks  
  17  1:13  SCV  
  18  1:25  SCV  
  18  1:27  Barracks  
  18  1:30  Marine  
  20  1:39  Refinery  
  20  1:48  Orbital Command, Marine  
  21  1:59  Marine  
  22  2:05  Barracks  
  22  2:06  Marine  
  23  2:14  Marine  
  24  2:17  Marine  
  25  2:24  Marine  
  26  2:32  Marine  
  26  2:34  Marine  
  28  2:41  Marine  
  29  2:50  Marine  
  30  2:52  Marine  
  31  3:09  Supply Depot  
  31  3:12  Supply Depot  
  31  3:18  Supply Depot  
  31  3:30  Marine x4  
  35  3:45  SCV  
  35  3:48  Marine x4  
  36  3:51  Command Center  
  40  4:06  Marine x4  
  44  4:24  Marine x4  
  40  4:41  Marine x2  
  40  4:42  Marine x2  
  36  4:57  SCV  
  36  4:59  Marine x4  
  41  5:08  Factory  
  41  5:09  SCV  
  42  5:15  Engineering Bay  
  42  5:17  Marine x4  
  46  5:21  SCV  
  47  5:33  SCV  
  47  5:35  Marine x4  
  51  5:45  SCV  
  52  5:53  Marine x4  
  52  5:54  Factory Tech Lab  
  56  6:00  Terran Infantry Weapons Level 1  
  56  6:03  SCV x2  
  58  6:11  Marine  
  58  6:15  SCV x2  
  45  6:27  SCV x2  
  40  6:39  SCV x2  
  42  6:44  Siege Tank  
  42  6:46  Marine x2  
  42  6:47  Marine x2  
  47  6:51  SCV x2  
  51  7:03  SCV x2, Missile Turret  
  51  7:04  Marine x4  
  57  7:10  Starport  
  57  7:15  SCV, Armory  
  58  7:16  SCV  
  58  7:22  Marine x3  
  61  7:23  Refinery  
  61  7:25  Missile Turret  
  61  7:27  SCV  
  61  7:29  SCV  
  60  7:36  Command Center  
  60  7:39  SCV  
  60  7:40  Siege Tank  
  64  7:54  Terran Infantry Armor Level 1, Marine x3  
  64  7:57  Barracks Tech Lab  
  67  8:02  Starport Reactor  
  67  8:06  Terran Vehicle Weapons Level 1  
  67  8:12  Marine x3  
  70  8:19  Refinery  
  70  8:21  Refinery  
  70  8:38  Supply Depot  
  70  8:43  Supply Depot  
  70  8:47  Marine x3  
  62  9:05  Marine x3  
  61  9:19  Marine  
  61  9:22  Marine x3, Thor  
  71  9:32  Barracks  
  71  9:35  Orbital Command  
  71  9:37  Marine  
  71  9:38  Orbital Command  
  72  9:40  Marine x3  
  72  9:43  SCV  
  76  9:55  SCV, Marine  
  76  9:58  Marine x2  
  80  10:01  Barracks Reactor  
  80  10:08  SCV  
  80  10:14  Marauder, Supply Depot  
  83  10:16  Marine x2  
  83  10:19  Barracks  
  85  10:23  Factory  
  85  10:36  Marauder, Thor  
  85  10:37  Supply Depot  
  93  10:56  Supply Depot  
  93  10:59  SCV x3, Marauder  
  93  11:00  Supply Depot  
  93  11:02  Missile Turret  
  98  11:09  Sensor Tower  
  98  11:11  SCV x3  
  101  11:12  Barracks Reactor  
  101  11:13  Barracks Reactor  
  101  11:20  Factory Tech Lab, Marauder  
  101  11:22  Supply Depot x2  
  101  11:23  SCV x3, Missile Turret  
  106  11:28  Marine  
  106  11:29  Marine x3  
  110  11:35  SCV x3  
  113  11:42  Marauder  
  113  11:43  Missile Turret  
  113  11:44  Medivac, Supply Depot  
  113  11:45  Medivac  
  113  11:46  Marine x2  
  113  11:47  SCV x2, Marine  
  124  11:57  Starport  
  124  12:03  Starport, Marauder  
  124  12:06  Supply Depot  
  122  12:24  Marauder  
  122  12:28  Thor  
  129  13:04  Medivac  
  129  13:05  Medivac  
  133  13:12  Sensor Tower  
  133  13:29  Command Center  
  133  13:42  Command Center  
  133  13:43  Thor  
  133  13:44  Terran Vehicle Weapons Level 2  
  133  13:47  Terran Infantry Weapons Level 2  
  139  13:53  Engineering Bay  
  139  13:57  Barracks Reactor  
  139  14:02  Medivac x2  
  143  14:09  Starport Tech Lab  
  143  14:15  Starport  
  143  14:19  Armory  
  143  14:28  Thor  
  149  14:38  Terran Infantry Armor Level 2  
  149  14:44  Combat Shield  
  149  15:07  Viking x2  
  149  15:11  Starport Tech Lab  
  153  15:15  Banshee  
  104  15:42  Marine x5  
  83  15:43  Marauder, Marine x2  
  77  15:57  Banshee  
  77  16:00  Terran Vehicle And Ship Armor Level 1, Marine  
  77  16:03  Stimpack  
  79  16:05  Marauder  
  81  16:25  SCV, Barracks  
  82  16:26  Marauder  
  84  16:37  SCV  
  84  16:38  Command Center  
  85  16:49  SCV  
  86  16:54  Sensor Tower  
  86  17:01  SCV  
  87  17:13  SCV  
  88  17:26  Sensor Tower  
  88  17:33  Thor  
  94  17:37  Siege Tank  
  97  17:48  Refinery  
  97  17:54  Cloaking Field  
  97  17:56  Banshee  
  97  17:57  Banshee  
  100  18:00  Viking x2  
  104  18:09  Siege Tank  
  107  18:16  Siege Tank  
  110  18:27  Planetary Fortress  
  110  18:30  Viking  
  111  18:36  Planetary Fortress  
  111  18:39  Banshee x2, Marine x7  
  111  18:40  Marine  
  125  18:57  Marine x7  
  125  18:58  Marauder  
  134  19:07  Siege Tank  
  137  19:13  SCV  
  137  19:14  Marine  
  137  19:15  Marine x2  
  141  19:18  Marine x4  
  141  19:19  Marauder  
  141  19:22  Banshee x2  
  153  19:25  SCV  
  154  19:32  Marine x3  
  154  19:37  SCV  
  158  19:49  SCV  
  159  19:58  Thor x2  
  171  20:01  SCV, Marine x5  
  171  20:02  Marine x2  
  180  20:11  Barracks Tech Lab  
  179  20:19  Marine x4  
  180  20:29  Marine  
  180  20:41  Marauder  
  180  20:58  Marine x2  
  179  21:04  Supply Depot  
  179  21:26  Banshee x2, Marauder  
  179  21:28  Supply Depot  
  181  21:39  Sensor Tower  
  175  21:48  Marauder  
  175  21:50  Terran Vehicle And Ship Armor Level 2  
  177  22:06  SCV  
  178  22:09  Banshee, Marauder  
  178  22:10  Refinery  
  183  22:18  SCV  
  176  22:39  Marine x2, Command Center  
  176  22:40  Marine  
  178  22:57  Marine x3  
  119  23:32  Refinery  
  119  23:33  Refinery  
  104  23:44  Command Center  
  103  23:57  Marine x3  
  106  24:06  Terran Vehicle Weapons Level 3  
  106  24:11  Barracks  
  106  24:15  Marine x3  
  109  24:21  Factory  
  109  24:25  Supply Depot  
  109  24:26  Supply Depot x2  
  109  24:27  Supply Depot  
  88  24:31  Thor  
  88  24:33  Marine x3  
  76  24:42  SCV  
  74  24:49  Barracks, Supply Depot x2  
  74  24:50  Marine  
  74  24:51  Marine x2  
  74  24:52  Supply Depot  
  76  24:53  Engineering Bay  
  76  24:54  SCV  
  72  25:00  Barracks  
  72  25:05  Banshee x2  
  72  25:06  SCV  
  79  25:07  Barracks  
  79  25:09  Marine  
  79  25:10  SCV  
  83  25:14  Thor  
  87  25:22  SCV  
  87  25:26  Marine  
  88  25:35  SCV  
  87  25:48  Banshee x2  
  93  25:50  Barracks  
  84  25:57  Barracks  
  84  25:58  Barracks  
  84  26:10  Barracks, Marine x2  
  84  26:11  Marine  
  68  26:18  Barracks  
  68  26:22  Barracks  
  66  26:28  Marine x3  
  67  26:43  Barracks  
Show
View Real Time Build Order
Export as new Build Order

Sergio Terran - Winner!

Build Orders: Reaper Expand 

Get SALT Encoding   

  12  0:02  SCV  
  13  0:14  SCV  
  13  0:18  Supply Depot  
  14  0:26  SCV  
  15  0:40  SCV  
  16  0:43  Barracks  
  16  0:46  Refinery  
  16  0:52  SCV  
  17  1:04  SCV  
  18  1:16  SCV  
  19  1:30  Orbital Command  
  19  1:31  Reaper  
  20  1:46  Command Center  
  20  1:57  SCV  
  20  1:58  Supply Depot  
  21  2:03  Barracks Reactor  
  21  2:09  SCV  
  22  2:21  SCV  
  23  2:24  Factory  
  23  2:28  Refinery  
  22  2:33  SCV, Engineering Bay  
  23  2:40  Marine x2  
  25  2:45  SCV  
  26  2:57  SCV, Marine  
  26  2:58  Marine  
  29  3:03  Orbital Command  
  29  3:09  SCV  
  29  3:10  Factory Tech Lab  
  30  3:15  Marine x2  
  30  3:19  Starport  
  32  3:22  SCV  
  33  3:30  SCV  
  33  3:33  Marine  
  33  3:34  SCV  
  36  3:36  Cyclone  
  39  3:42  SCV  
  39  3:44  Supply Depot  
  39  3:46  SCV  
  41  3:48  Supply Depot  
  41  3:53  Marine x2  
  41  3:55  SCV  
  44  3:58  SCV  
  45  4:06  Medivac  
  45  4:07  SCV  
  45  4:09  Refinery  
  48  4:10  SCV  
  48  4:13  Refinery, Marine x2, Supply Depot  
  51  4:20  Siege Tank  
  51  4:22  SCV  
  51  4:31  Orbital Command  
  43  4:45  SCV  
  42  4:50  Marine x2  
  44  4:57  SCV  
  45  5:00  SCV  
  46  5:09  SCV, Siege Tank  
  46  5:10  Medivac  
  46  5:12  SCV  
  46  5:13  Terran Infantry Armor Level 1  
  53  5:21  SCV  
  53  5:24  SCV, Supply Depot  
  53  5:26  Command Center, Supply Depot  
  55  5:29  Marine  
  55  5:52  SCV x2  
  55  5:53  Marine x2  
  55  5:54  Siege Tank  
  55  5:55  Medivac  
  64  6:04  SCV x2  
  64  6:10  Marine  
  63  6:28  SCV x2  
  63  6:30  Marine x2  
  63  6:31  Siege Tank  
  70  6:37  Command Center  
  70  6:40  SCV  
  70  6:41  SCV  
  72  6:48  Marine x2  
  72  6:52  SCV  
  72  6:53  SCV  
  76  6:57  Starport Tech Lab  
  76  7:05  SCV x2  
  78  7:12  Terran Infantry Weapons Level 1  
  78  7:13  Marine  
  78  7:38  Barracks  
  78  7:40  SCV, Raven, Marine x2  
  78  7:42  Cyclone  
  86  7:49  SCV  
  87  7:53  SCV  
  87  7:58  Marine x2  
  88  8:00  Orbital Command  
  88  8:01  SCV  
  88  8:04  Supply Depot  
  91  8:14  Cyclone  
  91  8:16  Marine x2  
  96  8:26  Supply Depot  
  96  8:30  Barracks Reactor  
  96  8:34  Marine x2, Supply Depot  
  96  8:41  Engineering Bay  
  98  8:43  SCV x2, Armory  
  98  8:44  Armory  
  98  8:46  Siege Tank  
  103  8:51  Marine x2  
  103  8:55  SCV x2  
  98  9:02  Armory  
  98  9:09  Marine  
  87  9:12  Marine  
  82  9:18  Siege Tank  
  83  9:24  SCV x2  
  83  9:27  Marine  
  83  9:30  Marine  
  83  9:31  Medivac x2  
  89  9:36  SCV  
  92  9:40  Orbital Command  
  92  9:42  Terran Infantry Armor Level 2, Orbital Command, Terran Infantry Weapons Level 2, Terran Vehicle And Ship Armor Level 1, Terran Vehicle Weapons Level 1  
  92  9:44  Supply Depot  
  92  9:45  Supply Depot  
  92  9:48  SCV  
  92  9:50  Siege Tank  
  96  9:56  Stimpack  
  96  9:57  Marine x2  
  98  10:00  SCV  
  98  10:01  Medivac  
  101  10:07  Supply Depot  
  101  10:13  SCV  
  102  10:14  Marine  
  102  10:15  Marine  
  104  10:22  Cyclone  
  107  10:29  Refinery, Supply Depot  
  107  10:30  Marauder  
  107  10:32  Marine  
  107  10:33  Marine, Viking x2  
  107  10:34  Refinery  
  115  10:43  Barracks  
  115  10:46  Barracks  
  115  10:50  Marine x2  
  115  10:51  SCV, Marauder  
  115  10:52  SCV  
  115  10:53  Factory  
  121  11:08  Marine x2, Supply Depot  
  123  11:12  Marauder  
  125  11:26  Marine x2  
  125  11:31  Command Center, Supply Depot  
  125  11:32  Liberator, Siege Tank  
  130  11:34  Marauder  
  130  11:38  Barracks Reactor  
  135  11:40  Barracks Tech Lab  
  135  11:41  Factory Tech Lab  
  135  11:43  Factory, Marine  
  135  11:44  Marine  
  137  11:49  SCV x3  
  137  11:53  Missile Turret  
  140  11:55  Terran Vehicle And Ship Armor Level 2, Terran Vehicle Weapons Level 2  
  140  11:59  Marine  
  141  12:01  Smart Servos, Marine  
  141  12:02  Marine  
  141  12:04  Siege Tank  
  146  12:12  Missile Turret  
  146  12:17  Marine  
  146  12:19  Marine  
  146  12:20  Marine  
  149  12:35  Marine  
  149  12:36  Siege Tank x2  
  150  12:37  Marine x2  
  150  12:39  Factory Tech Lab  
  150  12:41  Marauder, Marine x2  
  151  12:51  Combat Shield  
  151  12:53  Marine  
  151  12:55  Marine x2  
  154  13:03  Marauder, Liberator x2  
  162  13:07  Fusion Core  
  162  13:08  Siege Tank x2  
  168  13:13  Orbital Command  
  168  13:16  Refinery  
  168  13:19  SCV  
  170  13:20  SCV x2  
  171  13:31  SCV  
  171  13:32  SCV  
  173  13:40  Refinery  
  173  13:54  SCV x3  
  173  13:55  Marauder x2, Marine x2  
  181  13:56  Advanced Ballistics  
  181  14:01  Supply Depot  
  182  14:16  Medivac x2  
  188  14:17  Marauder  
  188  14:23  Marauder  
  190  14:24  Barracks  
  190  14:26  Terran Vehicle And Ship Armor Level 3, Barracks, Terran Vehicle Weapons Level 3  
  190  14:27  Terran Ship Weapons Level 1  
  190  14:28  Terran Infantry Weapons Level 3  
  190  14:31  Supply Depot  
  190  14:34  SCV x2  
  190  14:37  SCV x2  
  196  14:38  Marauder  
  196  14:52  SCV  
  131  15:51  Marine  
  131  15:55  Marine x5  
  137  15:59  Cyclone x3  
  146  16:09  Marine  
  147  16:12  Marine  
  147  16:13  Marine x4  
  149  16:27  Marine  
  149  16:30  Marine  
  149  16:31  Cyclone x3, Marine x4, Barracks Tech Lab x2  
  161  16:34  Factory  
  161  16:37  Factory  
  161  16:45  Marine  
  162  16:48  Marine  
  162  16:49  Marine x4  
  165  16:59  Mag-Field Accelerator  
  165  17:01  Concussive Shells  
  165  17:02  Marine  
  165  17:03  Cyclone  
  165  17:04  Command Center  
  165  17:05  Drilling Claws  
  165  17:06  Marine x3  
  172  17:13  Marine, Command Center  
  172  17:14  Marine  
  174  17:20  Marine  
  175  17:24  Marine  
  175  17:25  Marauder x2  
  180  17:31  Marine  
  180  17:32  Marine  
  182  17:38  Marine  
  182  17:41  Marine  
  184  17:46  Marauder x2  
  184  17:48  Unknown  
  184  17:49  Marine x2  
  190  17:52  Sensor Tower  
  190  17:56  Sensor Tower, Terran Ship Weapons Level 2, Marine  
  190  17:57  Refinery  
  191  17:58  Terran Infantry Armor Level 3  
  191  17:59  Hi-Sec Auto Tracking, Marine  
  192  18:07  Marine x4  
  196  18:19  Orbital Command  
  196  18:21  Refinery  
  196  18:25  Marine  
  197  18:28  Factory Tech Lab  
  197  18:29  Factory Tech Lab  
  197  18:33  Starport  
  197  18:47  Infernal Pre-Igniter  
  197  19:09  Starport, Orbital Command  
  197  19:13  Starport Tech Lab  
  197  19:15  Rapid Reignition System  
  197  19:18  Neosteel Armor  
  176  20:49  Siege Tank  
  182  20:50  Siege Tank x2  
  177  21:28  Starport Tech Lab  
  177  21:29  Missile Turret  
  177  21:31  Missile Turret  
  169  21:38  Missile Turret  
  169  21:41  Missile Turret  
  169  21:42  Missile Turret  
  169  21:45  Missile Turret  
  169  21:46  Missile Turret  
  169  21:47  Terran Ship Weapons Level 3  
  169  21:49  Cloaking Field  
  169  21:54  Starport  
  169  22:01  Missile Turret  
  169  22:03  Marauder  
  169  22:04  Marauder x3  
  177  22:25  Marauder x4  
  184  22:45  Marine x4  
  184  22:46  Marine x4  
  149  23:01  Siege Tank x2  
  149  23:02  Siege Tank x2  
  149  23:03  Marine x5  
  149  23:04  Marauder x2, Marine  
  140  23:22  Marauder  
  119  23:45  Marine x8  
  119  23:47  Siege Tank  
  119  23:48  Liberator, Siege Tank x4  
  133  23:49  Liberator x3  
  145  24:02  Marine  
  145  24:03  Marine x2  
  145  24:04  Marauder x4  
  156  24:19  Siege Tank  
  159  24:25  Marauder x4  
  152  24:31  Command Center  
  152  24:38  Marine  
  136  24:39  Liberator x3  
  145  24:46  Marauder x4  
  145  24:48  Marine  
  145  24:51  Hellion x4  
  145  24:52  Hellion, Liberator  
  164  24:53  Battlecruiser  
  168  25:05  Marine x2  
  168  25:06  Marine x2  
  170  25:07  Marine  
  170  25:08  Marauder x3  
  170  25:12  Hellion  
  170  25:13  Hellion x4  
  187  25:22  Medivac x3  
  187  25:23  Marine x2  
  187  25:24  Marine x2  
  187  25:25  Marine  
  198  25:29  Marine x2  
  200  25:47  Orbital Command  
  200  25:50  Refinery  
  196  26:16  Medivac x2  
Tags
 
Add a new tag
Caveats
  • Supply blocks, unpowered buildings, or Contaminate may cause inaccurate times.
  • Supply counts are checked every 10 seconds.